 Dungeon Crawl Stone Soup version 0.18.1-8-gdd0e5ea (webtiles) character file.

1193 M4edhros the Covert (level 8, -8/53 HPs)
             Began as an Octopode Artificer on June 8, 2016.
             Was a Believer of Fedhas.
             Mangled by a centaur (9 damage)
             ... on level 7 of the Dungeon.
             The game lasted 00:07:43 (5578 turns).

M4edhros the Covert (Octopode Artificer)            Turns: 5578, Time: 00:07:43

Health: -8/53      AC:  1    Str: 11    XL:     8   Next: 43%
Magic:  10/10      EV: 13    Int: 11    God:    Fedhas [**....]
Gold:   285        SH:  0    Dex: 12    Spells: 0 memorised, 7 levels left

rFire  + . .     SeeInvis .     t - +7 short sword of Spontaneous Combustion {elec, rC++}
rCold  + . .     Gourm    .     (no shield)
rNeg   + . .     Faith    .     (helmet restricted)
rPois  .         Spirit   .     L - amulet of rage
rElec  .         Dismiss  .     u - -3 ring of intelligence (curse)
rCorr  .         Reflect  .     C - ring of positive energy
SustAt .         Harm     .     E - ring of fire
MR     .....     Clarity  +     (no ring)
Stlth  +++++.....               (no ring)
                                (no ring)
                                (no ring)
                                (no ring)

@: not resistant to hostile enchantments, quite stealthy
A: almost no armour, amphibious, 8 rings, constrict 8, tentacle spike 1,
camouflage 1, blurry vision 2, clarity, clumsy 1, gelatinous body 1
a: Evolution, Sunlight, Renounce Religion, Evoke Berserk Rage


You were on level 7 of the Dungeon.
You worshipped Fedhas.
Fedhas was pleased with you.
You were not hungry.

You visited 2 branches of the dungeon, and saw 8 of its levels.

You collected 285 gold pieces.

Inventory:

Hand Weapons
 a - a +0 short sword
 p - a +2 hunting sling of flaming
 t - the +7 short sword of Spontaneous Combustion (weapon) {elec, rC++}
   (You found it on level 4 of the Dungeon)

   Occasionally, upon striking a foe, it will discharge some electrical energy
   and cause terrible harm.
   It greatly protects you from cold.
Missiles
 y - 168 stones (quivered)
 F - 80 sling bullets
Jewellery
 n - an uncursed amulet of dismissal
 u - a cursed -3 ring of intelligence (left tentacle)
 C - a ring of positive energy (right tentacle)
 E - a ring of fire (on tentacle)
 G - an uncursed amulet of magic regeneration
 L - an amulet of rage (around mantle)
Wands
 b - a wand of flame (0/48)
 c - a wand of enslavement (14/24)
 d - a wand of random effects (10/48)
 A - a wand of flame (12/48)
 K - a wand of polymorph (9/24)
Scrolls
 e - a scroll of fog {unknown}
 j - a scroll of amnesia {unknown}
 m - 2 scrolls of recharging {unknown}
 r - 6 scrolls of identify {unknown}
 v - 2 scrolls of teleportation
 w - a scroll of enchant weapon {unknown}
 D - 3 scrolls of remove curse {unknown}
 J - a scroll of magic mapping {unknown}
 M - a scroll of noise {unknown}
Potions
 h - 2 potions of brilliance {unknown}
 o - 4 potions of curing {unknown}
 q - a potion of beneficial mutation {unknown}
 x - a potion of flight {unknown}
 z - 2 potions of degeneration {unknown}
 B - a potion of magic {unknown}
 H - 2 potions of heal wounds {unknown}
 I - a potion of agility {unknown}
Books
 k - a book of Fire

   Spells                             Type                      Level
   a - Ignite Poison                  Fire/Transmutation/Poison    3
   b - Fireball                       Conjuration/Fire             5
   c - Bolt of Fire                   Conjuration/Fire             6
   d - Delayed Fireball               Conjuration/Fire             7
   e - Ring of Flames                 Charms/Fire                  7
 l - an Akashic Record

   Spells                             Type                      Level
   a - Dispersal                      Translocation                6
   b - Malign Gateway                 Summoning/Translocation      7
   c - Disjunction                    Translocation                8
   d - Controlled Blink               Translocation                8
Comestibles
 f - 7 bread rations
 g - 3 fruits
 i - 5 beef jerkies
 s - 4 meat rations
 N - 2 chunks of flesh


   Skills:
 + Level 3.6 Fighting
 * Level 5.0 Short Blades
 + Level 3.6 Dodging
 * Level 8.9 Stealth
 * Level 3.1 Invocations
 - Level 3.2 Evocations


You had 7 spell levels left.
You didn't know any spells.

Dungeon Overview and Level Annotations

Branches:
Dungeon (7/15)             Temple (1/1) D:5

Altars:
Ashenzari
Cheibriados
Dithmenos
Elyvilon
Fedhas
Gozag
Makhleb
Nemelex Xobeh
Okawaru
Pakellas
Qazlal
Ru
Sif Muna
Vehumet
Xom
Yredelemnul
Zin
The Shining One

Shops:
D:4 (


Innate Abilities, Weirdness & Mutations

You cannot wear most types of armour.
You are amphibious.
You can wear up to eight rings at the same time.
You can use your tentacles to constrict eight enemies at once.
Your skin changes colour to match your surroundings (Stealth).
Your rubbery body absorbs attacks (AC +1).
One of your tentacles bears a spike.
Scrolls take you longer to read.
You possess an exceptional clarity of mind.
You are clumsy. (Dex -2)


Message History

Your Invocations skill increases to level 3!
There is a stone staircase leading up here.
Found 12 sling bullets.
The centaur shouts!
The centaur wields a shortbow.
The centaur shoots an arrow.
The arrow misses you.
The centaur shoots an arrow.
The arrow hits you!
The centaur shoots an arrow.
The arrow hits you!!
You see here 2 arrows.
The centaur shoots an arrow.
The arrow hits you.
* * * LOW HITPOINT WARNING * * *
You see here an arrow.
The centaur unwields an uncursed shortbow.
The centaur hits you.
* * * LOW HITPOINT WARNING * * *
The centaur hits you!
* * * LOW HITPOINT WARNING * * *
The centaur hits you!
You die...
Fedhas appreciates your contribution to the ecosystem.

#.........#
#........##
##..#.<#.#.#
........._f.######
.....##.#.#.......
..##. ###.(.#### .
......##(###
.......##...#
...........c@#
########...# #..(#
#####


You could see a centaur.

Vanquished Creatures
  Grinder (D:5)
  Menkaure (D:7)
  2 ogres
  Blork the orc (D:5)
  A scorpion (D:6)
  4 crimson imps
  A hound (D:6)
  An orc priest (D:4)
  An orc wizard (D:6)
  2 worker ants
  A hound skeleton (D:6)
  A gnoll (D:5)
  2 adders (D:2)
  A shadow imp (D:5)
  2 oozes
  An adder skeleton (D:6)
  4 worms
  2 dart slugs
  4 giant geckos
  15 orcs
  2 ball pythons
  9 bats
  A giant cockroach (D:1)
  7 hobgoblins
  4 quokkas
  A giant newt (D:1)
  8 goblins
  10 kobolds
  8 rats
98 creatures vanquished.

Vanquished Creatures (collateral kills)
  The ghost of Typee the Conjurer, an amateur OpCj of Kikubaaqudgha (D:3)
  A black bear (D:7)
  An orc wizard (D:6)
  3 orcs (D:6)
6 creatures vanquished.

Vanquished Creatures (others)
  A giant cockroach zombie (D:6)
  64 toadstools
65 creatures vanquished.

Grand Total: 169 creatures vanquished

Notes
Turn   | Place    | Note
--------------------------------------------------------------
     0 | D:1      | M4edhros the Octopode Artificer began the quest for the Orb.
     0 | D:1      | Reached XP level 1. HP: 13/13 MP: 3/3
    41 | D:1      | Reached skill level 2 in Stealth
   288 | D:2      | Reached skill level 3 in Stealth
   288 | D:2      | Reached XP level 2. HP: 13/18 MP: 4/4
   429 | D:2      | Reached skill level 4 in Stealth
   440 | D:2      | Reached XP level 3. HP: 19/23 MP: 5/5
  1088 | D:3      | Reached skill level 5 in Stealth
  1097 | D:3      | Noticed Typee's ghost (amateur OpCj)
  1350 | D:4      | Found Pusoe's Weapon Shoppe.
  1385 | D:4      | Reached XP level 4. HP: 16/28 MP: 6/6
  1571 | D:4      | Got a crystal short sword
  1572 | D:4      | Identified the +7 short sword of Spontaneous Combustion {elec, rC++} (You found it on level 4 of the Dungeon)
  1676 | D:4      | Noticed an ogre
  1831 | D:4      | Reached skill level 6 in Stealth
  2354 | D:4      | Killed an ogre
  2354 | D:4      | Reached XP level 5. HP: 33/33 MP: 7/7
  2484 | D:5      | Entered Level 5 of the Dungeon
  2490 | D:5      | Noticed Blork the orc
  2495 | D:5      | Killed Blork the orc
  2495 | D:5      | Reached XP level 6. HP: 39/39 MP: 8/8
  2684 | D:5      | Found a sacrificial altar of Ru.
  2831 | D:5      | Noticed Grinder
  2836 | D:5      | Paralysed by Grinder for 3 turns
  2847 | D:5      | Killed Grinder
  2847 | D:5      | Reached skill level 7 in Stealth
  2847 | D:5      | Reached XP level 7. HP: 45/45 MP: 9/9
  2854 | D:5      | Found a staircase to the Ecumenical Temple.
  2868 | Temple   | Entered the Ecumenical Temple
  2901 | Temple   | Became a worshipper of Xom of Chaos
  2913 | Temple   | Fell from the grace of Xom
  2913 | Temple   | Became a worshipper of Fedhas Madash
  3141 | D:1      | XOM: stat loss: -2 Int (9/11)
  3194 | D:1      | XOM: scenery: 1 doors open
  3355 | D:1      | Reached * piety under Fedhas
  3602 | D:2      | Found an oddly glowing altar of Pakellas.
  3712 | D:2      | XOM: summons 2 hostile shadow creatures
  3931 | D:3      | Killed Typee's ghost
  3951 | D:3      | Reached skill level 1 in Invocations
  4160 | D:3      | Found a white marble altar of Elyvilon.
  4161 | D:3      | Found a glowing golden altar of the Shining One.
  4162 | D:3      | Found a glowing silver altar of Zin.
  4190 | D:3      | You fall through a shaft for 2 floors!
  4377 | D:3      | XOM: mild Ice miscast
  4711 | D:5      | Reached skill level 8 in Stealth
  4720 | D:5      | XOM: give mutations
  4720 | D:5      | Gained mutation: You possess an exceptional clarity of mind. [Xom's mischief]
  4720 | D:5      | Gained mutation: One of your tentacles bears a spike. [Xom's mischief]
  4720 | D:5      | Gained mutation: You are frail (-10% HP). [Xom's mischief]
  4720 | D:5      | Gained mutation: You are dopey. (Int -2) [Xom's mischief]
  4794 | D:6      | XOM: 3-stop teleportation journey
  4822 | D:6      | Reached XP level 8. HP: 40/46 MP: 10/10
  4839 | D:6      | Reached ** piety under Fedhas
  5033 | D:6      | XOM: give mutations
  5033 | D:6      | Gained mutation: Scrolls take you a little longer to read. [Xom's mischief]
  5033 | D:6      | Lost mutation: You are frail (-10% HP). [Xom's mischief]
  5112 | D:6      | XOM: polymorph wandering mushroom -> oklob plant
  5173 | D:6      | XOM: give mutations
  5173 | D:6      | Lost mutation: You are dopey. (Int -2) [Xom's mischief]
  5173 | D:6      | Gained mutation: You are clumsy. (Dex -2) [Xom's mischief]
  5173 | D:6      | Gained mutation: Scrolls take you longer to read. [Xom's mischief]
  5563 | D:7      | Found a shattered altar of Ashenzari.
  5563 | D:7      | Noticed Menkaure
  5567 | D:7      | Killed Menkaure
  5570 | D:7      | Reached skill level 5 in Short Blades
  5578 | D:7      | HP: 1/53 [centaur (8)]
  5578 | D:7      | Mangled by a centaur

Skill      XL: |  1  2  3  4  5  6  7  8 |
---------------+-------------------------+-----
Stealth        | 3 4 5 6 7 8 |  8.9
Short Blades   | 2 3 4 5 |  5.0
Fighting       | 2 3 |  3.6
Dodging        | 3 |  3.6
Invocations    | 2 3 |  3.1
Evocations     | |  3.2

Action                   |  1- 3 |  4- 6 |  7- 9 || total
-------------------------+-------+-------+-------++-------
Melee: Short sword       |    66 |    16 |    94 ||   176
       Constrict         |    19 |     4 |    23 ||    46
       Tentacles         |    10 |     3 |     8 ||    21
       Kick              |       |       |     7 ||     7
Invok: Evolution         |       |       |     2 ||     2
Evoke: Wand              |     4 |    13 |     5 ||    22
  Use: Scroll            |       |     1 |       ||     1
 Stab: Sleeping          |     5 |     2 |    12 ||    19
       Distracted        |     1 |       |       ||     1
  Eat: Chunk             |       |     5 |     2 ||     7
       Meat ration       |       |       |     1 ||     1
       Royal jelly       |       |       |     1 ||     1
Armor: Skin              |     3 |       |    10 ||    13
Dodge: Dodged            |    41 |     4 |    42 ||    87
